 Dungeon Crawl Stone Soup version 0.29-a0-495-g17b79114eb (webtiles) character file.

Game seed: 12930141571203674730

160 happo123 the Sneak (level 5, 0/29 HPs)
             Began as a Kobold Enchanter on May 28, 2022.
             Slain by a ball python (1 damage)
             ... in a sewer.
             The game lasted 00:11:53 (2788 turns).

happo123 the Sneak (Kobold Enchanter)               Turns: 2788, Time: 00:11:54

Health: 0/29       AC:  7    Str:  6    XL:     5   Next: 69%
Magic:  9/9        EV: 12    Int: 18    God:
Gold:   78         SH:  0    Dex: 15    Spells: 1/9 levels left

rFire   x . .      SeeInvis .   a - +1 dagger
rCold   + . .      Faith    .   (no shield)
rNeg    . . .      Spirit   .   l - +2 robe {Will+}
rPois   .          Reflect  .   n - +2 helmet
rElec   .          Harm     .   (no cloak)
rCorr   .          Rampage  .   (no gloves)
Will    +....                   (no boots)
Stlth   ++........              (no amulet)
HPRegen 0.09/turn               k - ring of ice
MPRegen 0.11/turn               (no ring)

@: constricted, very slow
A: small, no large weapons, nightstalker 3
a: no special abilities


You were in a sewer.
You visited 1 branch of the dungeon, and saw 3 of its levels.
You also visited: Sewer.

You collected 152 gold pieces.
You spent 74 gold pieces at shops.

Inventory:

Hand Weapons
 a - a +1 dagger (weapon)
Missiles
 m - a throwing net
Armour
 b - a +0 robe
 l - a +2 robe of willpower (worn)
 n - a +2 helmet (worn)
Magical Staves
 s - a staff of death
Jewellery
 k - a ring of ice (left hand)
Scrolls
 d - 3 scrolls of teleportation {unknown}
 e - 5 scrolls of identify {unknown}
 f - a scroll of magic mapping {unknown}
 g - 3 scrolls of vulnerability {unknown}
 h - a scroll of enchant armour {unknown}
 i - a scroll of silence {unknown}
 j - a scroll of noise {unknown}
 p - a scroll of blinking {unknown}
 r - a scroll of enchant weapon {unknown}
Potions
 c - 3 potions of invisibility
 o - a potion of might {unknown}
 q - a potion of attraction {unknown}
 t - a potion of curing {unknown}
 u - a potion of cancellation
 v - a potion of lignification {unknown}


   Skills:
 + Level 1.5 Fighting
 + Level 2.8 Short Blades
 + Level 3.2 Dodging
 + Level 4.9 Stealth
 + Level 2.9 Spellcasting
 * Level 4.0 Hexes


You had one spell level left.
You knew the following spells:

 Your Spells              Type           Power      Damage    Failure   Level
a - Ensorcelled Hibernat  Hex/Ice        28%        N/A       11%         2
b - Tukima's Dance        Hex            17%        N/A       10%         3
c - Confusing Touch       Hex            17%        N/A       10%         3

Your spell library contained the following spells:

 Spells                   Type           Power      Damage    Failure   Level
 Dazzling Flash           Conj/Hex       18%        N/A       22%         3
 Gell's Gravitas          Tloc           2%         N/A       45%         3
 Teleport Other           Tloc           2%         N/A       45%         3
 Dispersal                Tloc           1%         N/A       100%        6


Dungeon Overview and Level Annotations

Branches:
Dungeon (3/15)              Sewer (1/1)

Altars:

Shops:
D:1 [!:


Innate Abilities, Weirdness & Mutations

You are small and have problems with some larger weapons.
You are completely attuned to the shadows.


Message History

The ball python misses you. The ball python barely misses you.
The ball python misses you. The ball python closely misses you.
The adder bites you but does no damage. The ball python closely misses you.
The ball python misses you.
The bullfrog hits you but does no damage.
The ball python misses you. x2
You fade into invisibility!
The adder closely misses you. The ball python barely misses you.
The ball python closely misses you. The bullfrog hits you!
The ball python barely misses you. x4; The frilled lizard bites you.
The ball python bites you but does no damage.
The ball python grabs you. The ball python constricts you.
The adder bites you but does no damage.
You hit the ball python.
You kill the ball python!
The bullfrog closely misses you.
The ball python bites you but does no damage.
The bullfrog hits you!
* * * LOW HITPOINT WARNING * * *
The ball python bites you but does no damage.
The ball python constricts you.
The frilled lizard bites you but does no damage.
The adder closely misses you.
You hit the ball python.
The ball python is moderately wounded.
The ball python bites you but does no damage. x2
The ball python barely misses you. The bullfrog misses you.
The ball python barely misses you. The ball python constricts you.
The adder bites you.
* * * LOW HITPOINT WARNING * * *
It was a potion of cancellation.
Your magical effects are unravelling.
You feel magically purged.
You flicker back into view.
The ball python barely misses you. The ball python closely misses you.
The bullfrog closely misses you. The frilled lizard barely misses you.
The ball python misses you. The ball python closely misses you.
The ball python constricts you. The adder bites you but does no damage.
The ball python bites you.
You die...

#≈≈≈≈≈≈#
#≈≈≈≈≈≈#
#≈≈≈≈≈≈#
#≈≈≈≈≈≈#
#≈≈≈≈≈≈#
#≈≈≈≈≈≈#
#≈≈≈≈≈≈#
#≈≈...##
#≈≈≈≈≈≈#
#≈.).≈.#
#≈.≈≈≈≈#
#≈....##
#≈.≈≈≈≈#
#≈≈≈≈≈≈#
#≈≈#Sl≈#
#≈≈≈≈≈≈#
#≈#S@S≈#
#≈≈≈≈≈≈#
#≈FSFS≈#
#≈≈≈≈≈≈#
#≈≈≈S≈≈#
#≈≈≈≈≈≈#
#≈≈≈≈≈≈#
#≈≈≈≈≈≈#
#≈≈≈#≈≈#
#≈≈≈≈≈≈#
##..≈.##
##≈.≈.##
#......
#......#
#......#
##......
......+
#......


You could see 2 bullfrogs, an adder, 5 ball pythons and a frilled lizard.

Vanquished Creatures
  4 adders
  5 river rats (Sewer)
  2 worms
  2 orcs (D:3)
  A bat (D:1)
  10 endoplasms
  2 giant cockroaches
  2 goblins
  5 hobgoblins
  2 quokkas
  10 ball pythons
  7 frilled lizards
  3 kobolds
  24 rats
79 creatures vanquished.

Notes
Turn   | Place    | Note
-------+----------+-------------------------------------------
     0 | D:1      | happo123 the Kobold Enchanter began the quest for the Orb.
     0 | D:1      | Reached XP level 1. HP: 10/10 MP: 3/3
    87 | D:1      | Found Ikhlyec's Antique Armour Shop.
   114 | D:1      | Reached XP level 2. HP: 15/15 MP: 5/5
   117 | D:1      | Learned a level 2 spell: Ensorcelled Hibernation
   119 | D:1      | Found Iserusso's Distillery.
   157 | D:1      | Found Waroin's Book Shop.
  1078 | D:2      | Reached XP level 3. HP: 17/20 MP: 1/6
  1082 | D:2      | Learned a level 3 spell: Tukima's Dance
  1387 | D:1      | Bought a glowing robe for 74 gold pieces
  2069 | D:3      | Reached XP level 4. HP: 24/24 MP: 7/7
  2097 | D:3      | Found a faded altar of an unknown god.
  2195 | D:3      | Reached skill level 1 in Fighting
  2203 | D:3      | Found a glowing drain.
  2209 | Sewer    | Entered a sewer
  2305 | Sewer    | Reached XP level 5. HP: 29/29 MP: 6/9
  2309 | Sewer    | Learned a level 3 spell: Confusing Touch
  2780 | Sewer    | Noticed a bullfrog
  2780 | Sewer    | Noticed a bullfrog
  2787 | Sewer    | HP: 1/29 [adder (2)]
  2788 | Sewer    | Slain by a ball python

Illustrated notes

Levels and vault maps discovered:
D:1:      ebering_trefoil_3fold, layout_basic, serial_shops, shop, shop,
          nicolae_shop_competitors_out_of_business
D:2:      layout_loops_ring, minmay_strange_pillars, dk_noncrumbling_2
D:3:      layout_basic, riverfiend_overflow_shadow_ancestor,
          hellmonk_ecumenical_altar_run_dry, serial_aquarium,
          aquarium_bridge_square [aquarium_subvault_bridge,
          aquarium_subvault_bridge, aquarium_subvault_wall,
          aquarium_subvault_window], aquarium_window_2, aquarium_window_fake,
          aquarium_window_fake, aquarium_window_1, aquarium_view_2e,
          aquarium_view_2a, aquarium_pool_four, portal_sewer_entry_a
Sewer:    sewer_minmay_w

Skill      XL: |  1  2  3  4  5 |
---------------+----------------+-----
Short Blades   | 2 |  2.8
Fighting       | 1 |  1.5
Dodging        | 3 |  3.2
Hexes          | 4 |  4.0
Stealth        | |  4.9
Spellcasting   | |  2.9

Action                   |  1- 3 |  4- 6 || total
-------------------------+-------+-------++-------
Melee: Dagger            |    52 |    98 ||   150
       Punch             |     1 |     2 ||     3
 Cast: Ensorcelled Hiber |     9 |    22 ||    31
  Use: Potion            |       |     2 ||     2
 Stab: Sleeping          |    26 |    26 ||    52
       Distracted        |     1 |     2 ||     3
Armor: Robe              |     3 |    44 ||    47
Dodge: Dodged            |    17 |   136 ||   153

Table legend: (Time is in decaauts)
 A = Elapsed time spent in this place.
 B = Non-inter-level travel time spent in this place.
 C = Inter-level travel time spent in this place.
 D = Time resting spent in this place.
 E = Time spent auto-exploring this place.
 F = Levels seen in this place.
 G = Mean time per level.
                   A        B        C        D        E       F      G
               +--------+--------+--------+--------+--------+-----+--------+
         Total |   2827 |   2507 |    320 |    258 |   1615 |   4 |  706.8 |
       Dungeon |   2202 |   1882 |    320 |     12 |   1565 |   3 |  734.0 |
         Sewer |    624 |    624 |      0 |    246 |     50 |   1 |  624.0 |
               +--------+--------+--------+--------+--------+-----+--------+

Top non-repeatable levels by time:
     D:1: 1117 daAuts
     D:2: 914 daAuts
   Sewer: 624 daAuts
     D:3: 170 daAuts
